 Dungeon Crawl Stone Soup version 0.23-a0-269-g65e0026 (webtiles) character file.

12 Amnesiac the Digger (level 2, -2/20 HPs)
             Began as a Ghoul Earth Elementalist on Sept 30, 2018.
             Slain by a worm (4 damage)
             ... on level 3 of the Dungeon.
             The game lasted 00:04:39 (543 turns).

Amnesiac the Digger (Ghoul Earth Elementalist)       Turns: 543, Time: 00:04:40

Health: -2/20      AC:  2    Str: 11    XL:     2   Next: 33%
Magic:  1/4        EV: 12    Int: 10    God:
Gold:   59         SH:  0    Dex:  9    Spells: 2/5 levels left

rFire    . . .     SeeInvis .   i - +2 mace (crush)
rCold    + . .     Gourm    .   (no shield)
rNeg     + + +     Faith    .   c - +0 robe
rPois    ∞         Spirit   .   (no helmet)
rElec    .         Reflect  .   (no cloak)
rCorr    .         Harm     .   (no gloves)
MR       .....                  (no boots)
Stlth    ++........             (no amulet)
HPRegen  0.00/turn              (no ring)
MPRegen  0.09/turn              (no ring)

@: rotting
A: rotting body, claws 1, carnivore, cold resistance 1, negative energy
resistance 3, inhibited regeneration, torment resistance, unbreathing
a: no special abilities


You were on level 3 of the Dungeon.
You were not hungry.

You visited 1 branch of the dungeon, and saw 3 of its levels.

You collected 59 gold pieces.

Inventory:

Hand Weapons
 i - a +2 mace of crushing (weapon)
Missiles
 b - 63 stones (quivered)
Armour
 c - a +0 robe (worn)
Potions
 a - 2 potions of curing {!q, unknown}
 e - a potion of agility {!q, unknown}
 g - a potion of brilliance {!q}
Comestibles
 d - 3 rations
 f - 7 chunks of flesh


   Skills:
 + Level 0.4 Armour
 - Level 1.7 Dodging
 - Level 2.1 Stealth
 - Level 2.0 Spellcasting
 - Level 0.8 Transmutations
 * Level 3.8 Earth Magic


You had 2 spell levels left.
You knew the following spells:

 Your Spells              Type           Power        Failure   Level  Hunger
a - Sandblast             Erth           #.....       7%          1    ##.....
b - Passwall              Tmut/Erth      #.......     19%         2    ###....

Your spell library contained the following spells:

 Spells                   Type           Power        Failure   Level  Hunger
 Stone Arrow              Conj/Erth      #.....       41%         3    ####...
 Petrify                  Tmut/Erth      #.......     75%         4    #####..
 Lee's Rapid Deconstruct  Erth           #.........   88%         5    ######.


Dungeon Overview and Level Annotations

Branches:
Dungeon (3/15)

Altars:


Innate Abilities, Weirdness & Mutations

Your body is rotting away.
You thrive on raw meat.
You are immune to poison.
You have sharp fingernails.
You are carnivorous and can eat meat at any time.
Your flesh is cold resistant. (rC+)
You are immune to negative energy. (rN+++)
You do not regenerate when monsters are visible.
You are immune to unholy pain and torment.
You can survive without breathing.


Message History

You butcher the rat corpse.
f - 6 chunks of flesh (gained 1)
You see here a rat skeleton.
Some of the chunks of flesh in your inventory have rotted away.
You see here a rat skeleton.
A ball python comes into view.
A ball python is nearby!
A ball python is nearby!
You barely miss the ball python. The ball python bites you.
The ball python closely misses you. The ball python bites you.
The ball python grabs you. The ball python constricts you.
You hit the ball python.
You kill the ball python!
No target in view!
No target in view!
No target in view!
You butcher the ball python corpse.
f - 7 chunks of flesh (gained 3)
You see here a ball python skeleton. x2
You hear the slow rusting of a very distant drain.
Found a dagger.
HP restored.
Found a stone staircase leading down.
Found a stone staircase leading down.
e - a sedimented green potion {!q} You hear the slow rusting of a very distant drain.
A worm comes into view.
Found a stone staircase leading down.
You see here a ration.
You hit the worm.
The worm is moderately wounded.
The worm bites you!
Ouch! That really hurt!
* * * LOW HITPOINT WARNING * * *
You hit the worm but do no damage.
The worm is lightly wounded.
The worm bites you.
* * * LOW HITPOINT WARNING * * *
Casting: Sandblast (safe; 7% risk of failure)
Confirm with . or Enter, or press ? or * to list all spells.
Aiming: Sandblast (safe; 7% risk of failure)
Press: ? - help, Shift-Dir - straight line, f - worm
Aim: a worm (lightly wounded)
The blast of sand hits the worm.
The worm is heavily wounded.
b - 65 stones
Casting: Sandblast (safe; 7% risk of failure)
Confirm with . or Enter, or press ? or * to list all spells.
Aiming: Sandblast (safe; 7% risk of failure)
Press: ? - help, Shift-Dir - straight line, f/p - worm
Aim: a worm (heavily wounded)
The blast of sand hits the worm.
The worm is almost dead.
b - 64 stones
Casting: Sandblast (safe; 7% risk of failure)
Confirm with . or Enter, or press ? or * to list all spells.
Aiming: Sandblast (safe; 7% risk of failure)
Press: ? - help, Shift-Dir - straight line, f/p - worm
Aim: a worm (almost dead)
The blast of sand hits the worm.
The worm is almost dead.
b - 63 stones The worm bites you.
You die...

........##...######.
##.........#.......#
.........#..>#####.#
##...#.#.##.## #.#
##..##.#.##.# #>#
##..##...##.# #.#
##..###..##.# ##%##
##..# #..##.#
###w..# ##..#
##.##.###.@...##
....#
#............$#
##..#
#..#...###.##.#
##..####....### ..#
..# ..........###
.## #.# ##..####..
.. .# ....# ## ##
###÷# ###.#


You could see a worm.

Vanquished Creatures
  3 bats
  A giant cockroach (D:2)
  A quokka (D:2)
  A ball python (D:3)
  3 frilled lizards
  2 goblins
  A kobold (D:3)
  2 rats
14 creatures vanquished.

Notes
Turn   | Place    | Note
-------+----------+-------------------------------------------
     0 | D:1      | Amnesiac the Ghoul Earth Elementalist began the quest for
                  | the Orb.
     0 | D:1      | Reached XP level 1. HP: 14/14 MP: 2/2
   256 | D:2      | Reached XP level 2. HP: 14/20 MP: 1/3
   260 | D:2      | Learned a level 2 spell: Passwall
   543 | D:3      | Slain by a worm

Vault maps used:
D:1:      shiori_arrival_elements, minmay_unequal
D:3:      elyvilon_altar_4, first_ration, ebering_ghost_reflecting_pool,
          cheibrodos_sewer_entry_bend, uniq_robin

Skill      XL: |  1  2 |
---------------+-------+-----
Spellcasting   | 2 |  2.0
Armour         | |  0.4
Dodging        | |  1.7
Stealth        | |  2.1
Transmutations | |  0.8
Earth Magic    | |  3.8

Action                   || total
-------------------------++-------
Melee: Unarmed           ||     8
       Mace              ||     7
 Cast: Sandblast         ||    15
  Use: Scroll            ||     3
  Eat: Chunk             ||     1
Armor: Robe              ||     2
Dodge: Dodged            ||    10

Table legend:
 A = Non-vault XP
 B = Vault XP
 C = Vault XP percentage of total XP
 D = Non-vault monster count
 E = Vault monster count
 F = Vault count percentage of total count
                 A         B        C        D         E       F
            +---------+---------+-------+---------+---------+-------
      Total |      18 |       0 |   0.0 |      14 |       0 |   0.0
            +---------+---------+-------+---------+---------+-------
        D:1 |       3 |       0 |   0.0 |       2 |       0 |   0.0
        D:2 |      11 |       0 |   0.0 |       8 |       0 |   0.0
        D:3 |       4 |       0 |   0.0 |       4 |       0 |   0.0
            +---------+---------+-------+---------+---------+-------
